 Dungeon Crawl Stone Soup version 0.18.1-8-gdd0e5ea (webtiles) character file.

89 Firecrotchwizard the Skirmisher (level 4, 0/60 HPs)
             Began as a Draconian Berserker on June 9, 2016.
             Was a Believer of Trog.
             Slain by Sigmund
             ... wielding a +0 scythe
              (10 damage)
             ... on level 3 of the Dungeon.
             The game lasted 00:06:24 (2070 turns).

Firecrotchwizard the Skirmisher (DrBe)              Turns: 2070, Time: 00:06:24

Health: 0/60       AC:  5    Str: 26    XL:     4   Next: 31%
Magic:  4/4        EV: 13    Int:  7    God:    Trog [**....]
Gold:   150        SH:  0    Dex: 10    Spells: 0 memorised, 3 levels left

rFire  . . .     SeeInvis .     a - +0 falchion
rCold  . . .     Gourm    .     (armour unavailable)
rNeg   . . .     Faith    .     (no shield)
rPois  .         Spirit   .     (helmet restricted)
rElec  .         Dismiss  .     (no cloak)
rCorr  .         Reflect  .     (no gloves)
SustAt .         Harm     .     (no boots)
MR     ++...                    (no amulet)
Stlth  ..........               (no ring)
                                (no ring)

@: berserking, regenerating, very quick, very resistant to hostile enchantments,
extremely unstealthy
A: unfitting armour, cold-blooded, AC +5
a: Berserk, Trog's Hand, Burn Spellbooks, Renounce Religion


You were on level 3 of the Dungeon.
You worshipped Trog.
Trog was pleased with you.
You were not hungry.

You visited 1 branch of the dungeon, and saw 3 of its levels.

You collected 150 gold pieces.

Inventory:

Hand Weapons
 a - a +0 falchion (weapon)
Scrolls
 c - 2 scrolls of identify
 d - a scroll of teleportation {unknown}
 g - a scroll of enchant weapon {unknown}
 i - 3 scrolls of noise
 j - a scroll of recharging {unknown}
Potions
 e - 3 potions of invisibility
 f - a potion of haste {unknown}
 h - a potion of might {unknown}
 k - a potion of mutation {unknown}
 l - a potion of flight {unknown}
 m - a potion of heal wounds {unknown}
Comestibles
 b - a bread ration
 n - a meat ration


   Skills:
 + Level 3.9 Fighting
 + Level 3.7 Long Blades
 + Level 3.7 Dodging
 + Level 0.4 Stealth


You had 3 spell levels left.
You didn't know any spells.

Dungeon Overview and Level Annotations

Branches:
Dungeon (3/15)

Altars:
Okawaru
Qazlal

Annotations:
D:3 Sigmund


Innate Abilities, Weirdness & Mutations

Your plain brown scales are hard (AC +5).
Your body does not fit into most forms of armour.
You are cold-blooded and may be slowed by cold attacks.


Message History

The hobgoblin hits you but does no damage.
The hobgoblin hits you with a club. Something hits you.
You bump into the rock wall.
You feel less confused. The hobgoblin closely misses you.
Your skin crawls.
You feel resistant to hostile enchantments.
You feel slightly more hungry.
A red film seems to cover your vision as you go berserk!
You feel yourself moving faster!
You feel mighty!
You feel somewhat more hungry.
The hobgoblin hits you but does no damage.
You closely miss the hobgoblin.
Your tail-slap misses the hobgoblin.
The hobgoblin hits you with a club. Something hits you!
* * * LOW HITPOINT WARNING * * *
You hit the hobgoblin.
You kill the hobgoblin!
Trog accepts your kill. Something hits you!
You die...

### ..# #..
###.# ##..
#<#.# #...
#.#.# #...
#.#.# #...
#.#.#
#...##.#@#
..##.......w#
..........###
.###...####
#... #...
..... ####..
...


You could see a worm.

Vanquished Creatures
  Robin (D:2)
  An adder (D:2)
  2 oozes (D:1)
  A worm (D:2)
  A dart slug (D:1)
  2 giant geckos
  A ball python (D:1)
  15 goblins
  4 hobgoblins
  7 jackals (D:1)
  3 kobolds
  5 bats
  A giant newt (D:2)
  8 rats
52 creatures vanquished.

Notes
Turn   | Place    | Note
--------------------------------------------------------------
     0 | D:1      | Firecrotchwizard the Draconian Berserker began the quest for the Orb.
     0 | D:1      | Reached XP level 1. HP: 19/19 MP: 1/1
   253 | D:1      | Reached XP level 2. HP: 11/26 MP: 2/2
   824 | D:1      | Reached XP level 3. HP: 30/31 MP: 3/3
  1122 | D:2      | Found a stormy altar of Qazlal.
  1146 | D:2      | Reached ** piety under Trog
  1499 | D:2      | Found an iron altar of Okawaru.
  1630 | D:2      | Noticed Robin
  1642 | D:2      | Killed Robin
  1642 | D:2      | Reached XP level 4. HP: 40/40 MP: 4/4
  2050 | D:3      | Noticed Sigmund
  2070 | D:3      | Slain by Sigmund

Skill      XL: |  1  2 |
---------------+-------+-----
Dodging        | 3 |  3.7
Fighting       | |  3.9
Long Blades    | |  3.7
Stealth        | |  0.4

Action                   |  1- 3 |  4- 6 || total
-------------------------+-------+-------++-------
Melee: Falchion          |   109 |    29 ||   138
       Tailslap          |    15 |     4 ||    19
Invok: Berserk           |     2 |     1 ||     3
       Trog's Hand       |       |     1 ||     1
  Use: Scroll            |       |     2 ||     2
  Eat: Meat ration       |     1 |       ||     1
       Bread ration      |       |     1 ||     1
Armor: Skin              |    28 |     6 ||    34
Dodge: Dodged            |    68 |    22 ||    90
